 Dungeon Crawl Stone Soup version 0.27.0-1-g7a089689b8 (webtiles) character file.

Game seed: 14749322393372880728

43 Malachi the Skirmisher (level 3, 0/31 HPs)
             Began as a Palentonga Fighter on Aug 15, 2021.
             Slain by a gnoll (8 damage)
             ... on level 2 of the Dungeon.
             The game lasted 00:01:28 (1133 turns).

Malachi the Skirmisher (Palentonga Fighter)         Turns: 1133, Time: 00:01:28

Health: 0/31       AC:  9    Str: 20    XL:     3   Next: 37%
Magic:  3/3        EV:  1    Int:  8    God:
Gold:   85         SH:  8    Dex:  9    Spells: 2/2 levels left

rFire    . . .     SeeInvis +   a - +0 flail
rCold    . . .     Faith    .   c - +0 kite shield
rNeg     . . .     Spirit   .   i - +0 plate armour
rPois    .         Reflect  .   (no helmet)
rElec    .         Harm     .   (no cloak)
rCorr    .         Rampage  .   (no gloves)
Will     .....                  (no barding)
Stlth    ..........             (no amulet)
HPRegen  0.10/turn              (no ring)
MPRegen  0.08/turn              (no ring)

@: no status effects
A: large, rugged brown scales 3, see invisible, deformed body, roll 1, armoured
tail
a: Rolling Charge


You were on level 2 of the Dungeon.
You visited 1 branch of the dungeon, and saw 2 of its levels.

You collected 85 gold pieces.

Inventory:

Hand Weapons
 a - a +0 flail (weapon)
Armour
 c - a +0 kite shield (worn)
 i - a +0 plate armour (worn)
Scrolls
 b - a scroll of vulnerability {unknown}
Potions
 d - a potion of might
 g - a potion of heal wounds
 h - a potion of brilliance


   Skills:
 + Level 3.3 Fighting
 + Level 2.4 Maces & Flails
 + Level 2.9 Armour
 + Level 2.7 Shields


You had 2 spell levels left.
You didn't know any spells.
Your spell library was empty.

Dungeon Overview and Level Annotations

Branches:
Dungeon (2/15)

Altars:


Innate Abilities, Weirdness & Mutations

You are completely covered in rugged brown scales. (AC +3, +7% HP)
You have supernaturally acute eyesight. (SInv)
Armour fits poorly on your strangely shaped body.
You can roll at nearby foes to attack.
You have a long armoured tail.


Message History

You block the worm's attack.
You hit the worm.
You kill the worm!
No target in view!
No target in view! 2 gnolls come into view.
The gnoll shouts! x2; You hear a shout! x2
There are monsters nearby!
There are monsters nearby!
There are monsters nearby!
There's nothing you can charge at!
Unknown command.
Roll where?
Press: ? - help, Dir - move target, f - gnoll
Aim: a gnoll, wielding a +0 halberd You roll forward with a clatter of scales!
You closely miss the gnoll. The gnoll hits you with a +0 halberd!
Unknown command.
You hit the gnoll.
The gnoll is heavily wounded.
The gnoll completely misses you. You block the gnoll's attack.
You completely miss the gnoll.
The gnoll is heavily wounded.
The gnoll hits you but does no damage.
You hit the gnoll but do no damage. You tail-slap the gnoll.
The gnoll is severely wounded.
The gnoll hits you with a +0 halberd! The gnoll hits you with a +0 halberd.
You are too injured to fight recklessly!
You are too injured to fight recklessly!
You are too injured to fight recklessly!
You are too injured to fight recklessly!
You are too injured to fight recklessly!
You barely miss the gnoll. You tail-slap the gnoll.
You kill the gnoll!
You hit the gnoll.
The gnoll is moderately wounded.
The gnoll hits you with a +0 flail.
* * * LOW HITPOINT WARNING * * *
The gnoll hits you with a +0 flail!
You die...

...# ... #.# .
#.########## ..#####
#..........#
#......##..#.#####...
...g.......#.....####
........#g##..#.....##
..g.....#@##..#.###..##
..#####.#.###.#...##..##
#.#.# #.##...##..#
#.#.###.†#....##.#
..#...##.##....#.##
.####.##..##...#..# .
.###..###....# .#
##...####.# .#
###......##


You could see a gnoll.

Vanquished Creatures
  A gnoll (D:2)
  A worm (D:2)
  A dart slug (D:1)
  4 endoplasms
  2 giant cockroaches (D:1)
  4 goblins (D:1)
  3 hobgoblins (D:1)
  3 kobolds (D:1)
  A quokka (D:2)
  2 ball pythons
  3 frilled lizards (D:1)
25 creatures vanquished.

Notes
Turn   | Place    | Note
-------+----------+-------------------------------------------
     0 | D:1      | Malachi the Palentonga Fighter began the quest for the Orb.
     0 | D:1      | Reached XP level 1. HP: 19/19 MP: 1/1
   476 | D:1      | Reached XP level 2. HP: 22/25 MP: 2/2
  1085 | D:2      | Reached XP level 3. HP: 31/31 MP: 3/3
  1133 | D:2      | Slain by a gnoll

Illustrated notes

Levels and vault maps discovered:
D:1:      moated_graveyard_arrival, layout_basic, minmay_domino_2
D:2:      minmay_evil_eye, layout_basic, basic_ecumenical_altar, serial_shops,
          shop, minmay_split_cup_small, uniq_crazy_yiuf_cottage

Action                   || total
-------------------------++-------
Melee: Flail             ||    54
       Tailslap          ||    10
 Abil: Rolling Charge    ||     1
  Use: Scroll            ||     3
Armor: Scale mail        ||    12
       Plate armour      ||     7
Dodge: Dodged            ||    10
Block: Kite shield       ||    19
